 Dungeon Crawl Stone Soup version 0.27-a0-1196-g3e9cee4cb2 (webtiles) character file.

Game seed: 18143043636265919230

75 Essalna the Digger (level 4, -4/24 HPs)
             Began as a Gargoyle Earth Elementalist on May 27, 2021.
             Slain by an iguana (8 damage)
             ... on level 3 of the Dungeon.
             The game lasted 00:04:39 (2531 turns).

Essalna the Digger (Gargoyle Earth Elementalist)    Turns: 2531, Time: 00:04:40

Health: -4/24      AC:  8    Str: 11    XL:     4   Next: 31%
Magic:  2/8        EV: 11    Int: 17    God:
Gold:   147        SH:  0    Dex: 10    Spells: 5/9 levels left

rFire    . . .     SeeInvis +   a - +3 dagger
rCold    . . .     Faith    .   (no shield)
rNeg     + . .     Spirit   .   c - +0 robe
rPois    ∞         Reflect  .   n - +2 helmet
rElec    +         Harm     .   (no cloak)
rCorr    .         Rampage  .   (no gloves)
Will     .....                  (no boots)
Stlth    ++........             (no amulet)
HPRegen  0.08/turn              f - ring of see invisible
MPRegen  0.11/turn              (no ring)

@: no status effects
A: sickness immunity, AC +3, negative energy resistance 1, electricity
resistance, torment resistance 1, petrification resistance
a: no special abilities


You were on level 3 of the Dungeon.
You visited 1 branch of the dungeon, and saw 3 of its levels.

You collected 147 gold pieces.

Inventory:

Hand Weapons
 a - a +3 dagger (weapon)
Missiles
 b - 28 stones
Armour
 c - a +0 robe (worn)
 n - a +2 helmet (worn)
Magical Staves
 k - a staff of conjuration
Jewellery
 f - a ring of see invisible (left hand)
Scrolls
 e - 4 scrolls of identify {unknown}
 h - a scroll of blinking {unknown}
 i - a scroll of silence {unknown}
 m - a scroll of teleportation {unknown}
 o - a scroll of amnesia {unknown}
 p - a scroll of noise {unknown}
Potions
 d - a potion of curing {unknown}
 g - a potion of cancellation {unknown}
 j - a potion of berserk rage {unknown}
 l - a potion of invisibility {unknown}


   Skills:
 - Level 1.5 Dodging
 - Level 2.1 Stealth
 + Level 3.2 Spellcasting
 - Level 0.7 Transmutations
 + Level 5.0 Earth Magic


You had 5 spell levels left.
You knew the following spells:

 Your Spells              Type           Power      Damage    Failure   Level
a - Sandblast             Erth           38%        2d10      2%          1
b - Stone Arrow           Conj/Erth      22%        3d8       19%         3

Your spell library contained the following spells:

 Spells                   Type           Power      Damage    Failure   Level
 Passwall                 Tmut/Erth      10%        N/A       8%          2
 Summon Small Mammal      Summ           8%         N/A       17%         1
 Call Imp                 Summ           2%         N/A       26%         2
 Call Canine Familiar     Summ           2%         N/A       45%         3
 Summon Guardian Golem    Hex/Summ       2%         N/A       45%         3
 Petrify                  Tmut/Erth      12%        N/A       45%         4
 Lee's Rapid Deconstruct  Erth           9%         3d8*      52%         5
 Summon Ice Beast         Ice/Summ       2%         N/A       86%         4
 Summon Lightning Spire   Summ/Air       2%         N/A       86%         4


Dungeon Overview and Level Annotations

Branches:
Dungeon (3/15)

Altars:


Innate Abilities, Weirdness & Mutations

You are immune to sickness and miasma.
Your stone body is resilient. (AC +3)
You are immune to poison.
You resist negative energy. (rN+)
You are resistant to electric shocks. (rElec)
You are resistant to unholy torment.
You are immune to petrification.


Message History

You now have 147 gold pieces (gained 11).
Key pressed, stopping explore.
p - a scroll labelled ODAFYTEKUE No target in view!
An iguana comes into view.
The iguana hisses angrily.
You can't see any susceptible monsters within range! (Use Z to cast anyway.)
You can't see any susceptible monsters within range! (Use Z to cast anyway.)
You can't see any susceptible monsters within range! (Use Z to cast anyway.)
You can't see any susceptible monsters within range! (Use Z to cast anyway.)
Found 19 gold pieces.
The blast of sand hits the iguana but does no damage.
The blast of sand hits the iguana but does no damage.
The iguana closely misses you.
The blast of sand hits the iguana but does no damage.
The iguana bites you.
The blast of sand hits the iguana.
The iguana is moderately wounded.
The iguana bites you!
You are too injured to fight recklessly!
You are too injured to fight recklessly!
You are too injured to fight recklessly!
Casting: Sandblast (safe; 2% risk of failure)
Confirm with . or Enter, or press ? or * to list all spells.
Aiming: Sandblast (safe; 2% risk of failure)
Press: ? - help, Shift-Dir - straight line, f/p - iguana
Aim: an iguana (moderately wounded, 82% to hit)
The blast of sand hits the iguana!
The iguana is severely wounded.
The iguana bites you!
* * * LOW HITPOINT WARNING * * *
Casting: Sandblast (safe; 2% risk of failure)
Confirm with . or Enter, or press ? or * to list all spells.
Aiming: Sandblast (safe; 2% risk of failure)
Press: ? - help, Shift-Dir - straight line, f/p - iguana
Aim: an iguana (severely wounded, 82% to hit)
The blast of sand hits the iguana.
The iguana is almost dead.
The iguana bites you!
You die...

.. .. #.# #$ #.# #
#. #.# #.##.
#.###### ...
#.##...###
#.#.##l### #.##.....
#.....@.###.##...#
##..........##...##
....##.#.####......#
... #.#.# #.#....# .
..#.# #.##.#.#
####.. .....#.#####
### ##.####......
#.# ####### ..#


You could see an iguana.

Vanquished Creatures
  2 adders
  3 worms
  4 dart slugs
  7 endoplasms
  3 giant cockroaches
  5 goblins
  2 hobgoblins (D:1)
  2 quokkas
  3 ball pythons (D:2)
  3 bats
  A frilled lizard (D:2)
  2 kobolds
  3 rats
40 creatures vanquished.

Notes
Turn   | Place    | Note
-------+----------+-------------------------------------------
     0 | D:1      | Essalna the Gargoyle Earth Elementalist began the quest for
                  | the Orb.
     0 | D:1      | Reached XP level 1. HP: 10/10 MP: 3/3
   420 | D:1      | Reached skill level 4 in Earth Magic
   420 | D:1      | Reached XP level 2. HP: 11/15 MP: 3/5
   548 | D:1      | Found a faded altar of an unknown god.
  1162 | D:2      | Reached XP level 3. HP: 14/19 MP: 0/7
  1166 | D:2      | Learned a level 3 spell: Stone Arrow
  2193 | D:3      | Reached XP level 4. HP: 24/24 MP: 5/8
  2340 | D:3      | Reached skill level 5 in Earth Magic
  2531 | D:3      | Slain by an iguana

Illustrated notes

Levels and vault maps discovered:
D:1:      dpeg_arrival_simpleton_b, layout_loops_ring,
          shapermc_ecumenical_altar_totnotflames
D:2:      layout_basic, chequers_jeans, kennysheep_boxes
D:3:      layout_loops_ring, grunt_temple_overflow_cloverleaf, minmay_ruptured

Skill      XL: |  1  2  3  4 |
---------------+-------------+-----
Earth Magic    | 4 5 |  5.0
Spellcasting   | 3 |  3.2
Dodging        | |  1.5
Stealth        | |  2.1
Transmutations | |  0.7

Action                   |  1- 3 |  4- 6 || total
-------------------------+-------+-------++-------
Melee: Dagger            |    38 |     8 ||    46
 Cast: Sandblast         |    35 |    13 ||    48
 Stab: Sleeping          |     1 |       ||     1
Armor: Robe              |    17 |     2 ||    19
Dodge: Dodged            |    27 |     3 ||    30

Table legend: (Time is in decaauts)
 A = Elapsed time spent in this place.
 B = Non-inter-level travel time spent in this place.
 C = Inter-level travel time spent in this place.
 D = Time resting spent in this place.
 E = Time spent auto-exploring this place.
 F = Levels seen in this place.
 G = Mean time per level.
                   A        B        C        D        E       F      G
               +--------+--------+--------+--------+--------+-----+--------+
         Total |   2529 |   2499 |     30 |      0 |   2234 |   3 |  843.0 |
       Dungeon |   2529 |   2499 |     30 |      0 |   2234 |   3 |  843.0 |
               +--------+--------+--------+--------+--------+-----+--------+

Top non-repeatable levels by time:
     D:1: 1141 daAuts
     D:2: 1028 daAuts
     D:3: 359 daAuts
